 Dungeon Crawl Stone Soup version 0.31-a0-960-g0fca184906 (webtiles) character file.

Game seed: 1515484831494591158

60 Azuregosa the Covert (level 4, 0/31 HPs)
             Began as an Octopode Delver on Oct 22, 2023.
             Was an Initiate of Gozag.
             Succumbed to a kobold brigand's poison
             ... in a sewer.
             The game lasted 00:03:46 (515 turns).

Azuregosa the Covert (Octopode Delver)               Turns: 515, Time: 00:03:47

Health: 0/31       AC:  1    Str: 11    XL:     4   Next: 6%
Magic:  4/4        EV: 13    Int: 12    God:    Gozag
Gold:   86         SH:  0    Dex: 15    Spells: 3/3 levels left

rFire   . . .        g - +0 trident
rCold   . . .        (no shield)
rNeg    . . .        (helmet restricted)
rPois   .            (no amulet)
rElec   .            (no ring)
rCorr   .            (no ring)
SInv    .            (no ring)
Will    .....        (no ring)
Stlth   ++++++       (no ring)
HPRegen 0.25/turn    (no ring)
MPRegen 0.09/turn    (no ring)
                     (no ring)

%: no passive effects
@: lethally poisoned (0 -> -9), gold aura
A: almost no armour, amphibious, 8 rings, camouflage 1, gelatinous body 1,
nimble swimmer 1, tentacles
a: Renounce Religion, Potion Petition, Call Merchant, Bribe Branch


You were in a sewer.
You worshipped Gozag.
Gozag was noncommittal.
You visited 2 branches of the dungeon, and saw 3 of its levels.
You also visited: Sewer.

You collected 102 gold pieces.
You paid 16 gold pieces to Gozag.

Inventory:

Hand Weapons
 a - a +0 falchion
 g - a +0 trident (weapon)
Wands
 f - a wand of digging (3)
Scrolls
 b - a scroll of fog
 c - a scroll of identify {unknown}
 d - 2 scrolls of fear
Potions
 e - 2 potions of haste
 h - 2 potions of curing {unknown}
 i - a potion of mutation {unknown}
 j - a potion of magic {unknown}


   Skills:
 - Level 3.0 Fighting
 - Level 2.0 Long Blades
 - Level 2.0 Dodging
 + Level 8.6 Stealth


You had 3 spell levels left.
You didn't know any spells.
Your spell library contained the following spells:

 Spells                   Type           Power      Damage    Failure   Level
 Summon Ice Beast         Ice/Summ       0%         N/A       97%         4
 Summon Mana Viper        Hex/Summ       0%         N/A       100%        5
 Monstrous Menagerie      Summ           0%         N/A       100%        7


Dungeon Overview and Level Annotations

Branches:
Dungeon (5/15)             Temple (1/1) D:5           Sewer (1/1)

Altars:
Dithmenos
Elyvilon
Gozag
Makhleb
Nemelex Xobeh
Okawaru
Qazlal
Sif Muna
Uskayaw
Vehumet
Xom
The Shining One


Innate Abilities, Weirdness & Mutations

You cannot wear most types of armour.
You are amphibious.
You can wear up to eight rings at the same time.
Your skin changes colour to match your surroundings (Stealth+).
Your rubbery body absorbs attacks. (AC +1, EV +1)
You are camouflaged when in or above water. (Stealth+)
You have tentacles for arms and can constrict up to eight enemies at once.


Message History

The adder is heavily wounded.
You feel sick. The adder bites you. x2
You miss the adder. Your grab misses the adder.
The adder is heavily wounded.
You feel sick. The adder bites you but does no damage.
You hit the adder.
You kill the adder!
You feel sick.
You are no longer poisoned.
The kobold brigand throws a poisoned dart.
The poisoned dart hits you!
You are poisoned.
You have reached level 4!
Reach: g) +0 trident
Press: ? - help, Dir - move target, f - kobold brigand
Aim: a kobold brigand, wielding a +0 short sword and quivering poisoned darts (about 50% to evade your +0 trident)
You reach to attack!
You hit the kobold brigand but do no damage.
You feel very sick.
The kobold brigand is distracted by your dazzling golden aura.
Reach: g) +0 trident
Press: ? - help, Dir - move target, f/p - kobold brigand
Aim: a kobold brigand, wielding a +0 short sword and quivering poisoned darts (unaware, hasn't noticed you, about 50% to evade your +0 trident)
You reach to attack!
You barely miss the kobold brigand.
The kobold brigand is no longer distracted by gold.
The kobold brigand shouts!
You feel sick.
The kobold brigand throws a poisoned dart.
The poisoned dart hits you!
You are more poisoned.
The kobold brigand throws a poisoned dart.
The poisoned dart misses you.
You feel sick.
The kobold brigand hits you with a +0 short sword!
* * * LOW HITPOINT WARNING * * *
You see here 5 gold pieces.
You barely miss the kobold brigand. You grab the kobold brigand.
You constrict the kobold brigand.
You die...
Your body crumbles into a pile of gold.

...#####..~..# ..##
##...## ~## ##~## ~#
#~# ~# #~# ~## ##~##
#### ..## ##~..##
#...##
...#####~~...####.~...#
..~≈≈≈≈≈~.∩~.~~~@K....#
.~.#####~.~..####.....#
~.#######~~.## #~.~##
≈####.####≈## #~## ≈#
#.?.# #≈# ~# ≈# K∩! #≈#
# ≈# .!. #≈# ≈## #~# #≈
~~###~# ~


You could see a kobold brigand.

Vanquished Creatures
  3 adders (Sewer)
  A river rat (Sewer)
  2 ufetubi (D:5)
  A worm (Sewer)
  An endoplasm (D:4)
  A giant cockroach (D:4)
  A kobold (Sewer)
  3 ball pythons (D:4)
  4 rats
17 creatures vanquished.

Notes
Turn   | Place    | Note
-------+----------+-------------------------------------------
     0 | D:5      | Azuregosa the Octopode Delver began the quest for the Orb.
     0 | D:5      | Reached XP level 1. HP: 16/16 MP: 1/1
    25 | D:5      | Found a staircase to the Ecumenical Temple.
    30 | D:5      | Reached skill level 7 in Stealth
    35 | D:5      | Reached XP level 2. HP: 14/21 MP: 2/2
    38 | Temple   | Entered the Ecumenical Temple
    70 | Temple   | Became a worshipper of Gozag Ym Sagoz the Greedy
   191 | D:4      | Found an iron altar of Okawaru.
   343 | D:4      | Found a glowing drain.
   362 | Sewer    | Entered a sewer
   370 | Sewer    | Reached XP level 3. HP: 26/26 MP: 3/3
   374 | Sewer    | Reached skill level 8 in Stealth
   392 | Sewer    | Noticed a kobold brigand
   393 | Sewer    | Noticed a kobold brigand
   505 | Sewer    | Noticed a kobold brigand
   512 | Sewer    | Reached XP level 4. HP: 18/31 MP: 4/4
   515 | Sewer    | Succumbed to a kobold brigand's poison

Illustrated notes

Levels and vault maps discovered:
D:4:      layout_basic, minitemple, general_overflow_altar,
          cheibrodos_sewer_entry_drain, uniq_duvessa
D:5:      layout_cave_pools, minmay_temple_entry_grid, uniq_menkaure, uniq_ijyb
Temple:   bh_familiar_temple
Sewer:    sewer_co_15_rooms

Skill      XL: |  1  2  3 |
---------------+----------+-----
Stealth        | 7 8 |  8.6
Fighting       | |  3.0
Long Blades    | |  2.0
Dodging        | |  2.0

Action                     |  1- 3 |  4- 6 || total
---------------------------+-------+-------++-------
  Melee: Falchion          |     5 |       ||     5
         Constrict         |     8 |     1 ||     9
         Tentacles         |     7 |       ||     7
         Trident           |    31 |     3 ||    34
    Use: Scroll            |     1 |       ||     1
   Stab: Sleeping          |     9 |       ||     9
 Armour: Skin              |    11 |     1 ||    12
  Dodge: Dodged            |    17 |     1 ||    18

Table legend: (Time is in decaauts)
 A = Elapsed time spent in this place.
 B = Non-inter-level travel time spent in this place.
 C = Inter-level travel time spent in this place.
 D = Time resting spent in this place.
 E = Time spent auto-exploring this place.
 F = Levels seen in this place.
 G = Mean time per level.
                   A        B        C        D        E       F      G
               +--------+--------+--------+--------+--------+-----+--------+
         Total |    526 |    526 |      0 |     28 |    143 |   4 |  131.5 |
       Dungeon |    302 |    302 |      0 |     10 |    137 |   2 |  151.0 |
        Temple |     63 |     63 |      0 |      0 |      0 |   1 |   63.0 |
         Sewer |    160 |    160 |      0 |     18 |      6 |   1 |  160.0 |
               +--------+--------+--------+--------+--------+-----+--------+

Top non-repeatable levels by time:
     D:4: 253 daAuts
   Sewer: 160 daAuts
  Temple: 63 daAuts
     D:5: 48 daAuts
